[Event "Titled Tuesday Blitz April 11 Late 2023"]
[White "Mickiewicz, Piotr"]
[Black "Ibadov, Dashgyn"]
[WhiteFideId "1114891"]
[BlackFideId "24107514"]
[WhiteElo "2246"]
[BlackElo "2208"]
[Result "1/2-1/2"]
[Round "10"]
[TimeControl "180+2"]
[Date "2023.04.11"]
[WhiteClock "0:00:08"]
[BlackClock "0:00:04"]

1. Nf3 d5 2. b3 Nf6 3. Bb2 e6 4. g3 Be7 5. Bg2 O-O 6. O-O b6 7. c4 Bb7 8. e3 c5 9. Qe2 Nbd7 10. Rd1 Qc7 11. Nc3 Rac8 12. Rac1 Qb8 13. cxd5 Nxd5 14. Nxd5 Bxd5 15. d4 Qb7 16. dxc5 Nxc5 17. Ne1 Ne4 18. f3 Nf6 19. e4 Bc6 20. Nd3 Rfd8 21. Ne5 Be8 22. a3 h6 23. b4 a5 24. b5 Rxc1 25. Rxc1 Bc5+ 26. Kh1 Qc7 27. a4 Qd6 28. h4 Qd2 29. Qxd2 Rxd2 30. Nc4 Re2 31. Be5 Nh5 32. Nxb6 Bxb6 33. Rc8 f6 34. Rxe8+ Kf7 35. Rb8 Re1+ 36. Kh2 Bg1+ 37. Kh3 fxe5 38. b6 Bf2 39. b7 Rb1 40. Bf1 Ba7 41. Ra8 Rxb7 42. Bb5 Rc7 43. Be8+ Ke7 44. Bxh5 Bf2 45. Kg4 Bb6 46. Re8+ Kd6 47. Rg8 Kc5 48. Be8 Kd4 49. Bb5 Ke3 50. Rb8 Bc5 51. Rd8 Bb4 52. Rd3+ Kf2 53. Rb3 Rc2 54. h5 Kg2 55. f4 Kh2 56. fxe5 Rg2 57. Bc4 Be1 58. Bxe6 Bxg3 59. Kf5 Rf2+ 60. Kg6 Bxe5 61. Bf5 Bf6 62. Kf7 Re2 63. Ke6 Kg2 64. Rh3 Rxe4+ 65. Bxe4+ Kxh3 66. Bg6 Kg4 67. Kd5 Kf4 68. Kc4 Bd8 69. Kb5 Bc7 70. Kc4 Bd8 71. Kd4 Be7 72. Kc4 Bb4 73. Kd4 Kg5 74. Kc4 Kf6 75. Kd4 Ke7 76. Kc4 Kf6 1/2-1/2


[Site "https://www.chess.com"]

[Event "Titled Tuesday Blitz April 11 Late 2023"]
[White "Belov, Alexei"]
[Black "Kornyukov, Alexey"]
[WhiteFideId "4128206"]
[BlackFideId "4150457"]
[WhiteElo "2421"]
[BlackElo "2352"]
[Result "1-0"]
[Round "10"]
[TimeControl "180+2"]
[Date "2023.04.11"]
[WhiteClock "0:00:16"]
[BlackClock "0:00:01"]

1. e4 c5 2. Nf3 Nc6 3. d4 cxd4 4. Nxd4 Nf6 5. Nc3 e5 6. Ndb5 d6 7. Bg5 a6 8. Na3 b5 9. Nd5 Be7 10. Bxf6 Bxf6 11. c3 O-O 12. Nc2 Bg5 13. a4 bxa4 14. Nce3 Rb8 15. Qxa4 Bxe3 16. Nxe3 Ne7 17. Qc2 d5 18. Bd3 d4 19. Nc4 Ng6 20. O-O Nf4 21. g3 Nh3+ 22. Kh1 f6 23. Na5 Qc7 24. cxd4 Qxc2 25. Bxc2 exd4 26. b3 f5 27. Nc6 Rb6 28. Ne7+ Kh8 29. exf5 Bb7+ 30. f3 d3 31. Bxd3 Rxb3 32. Be4 Ng5 33. Bxb7 Rxb7 34. Nc6 Rxf5 35. f4 Ne6 36. Rfe1 Nc7 37. Rxa6 h5 38. Ne7 Rc5 39. Ng6+ Kh7 40. Kg2 Rb2+ 41. Kf3 Rc3+ 42. Re3 Rcc2 43. Nf8+ Kg8 44. Ne6 1-0


[Site "https://www.chess.com"]

[Event "Titled Tuesday Blitz April 11 Late 2023"]
[White "Almeida Junior, Alvaro Alves de"]
[Black "Francisco Guecamburu, Candela Be"]
[WhiteFideId "2149974"]
[BlackFideId "160911"]
[WhiteElo "2122"]
[BlackElo "2326"]
[Result "1-0"]
[Round "10"]
[TimeControl "180+2"]
[Date "2023.04.11"]
[WhiteClock "0:00:13"]
[BlackClock "0:00:18"]

1. e4 c5 2. Nf3 g6 3. d4 cxd4 4. Nxd4 Bg7 5. Nc3 Nc6 6. Be3 Nf6 7. Be2 O-O 8. O-O d5 9. exd5 Nb4 10. Bf3 Nbxd5 11. Nxd5 Nxd5 12. Bxd5 Qxd5 13. c3 a5 14. Qf3 Rd8 15. Qxd5 Rxd5 16. Rad1 a4 17. a3 Bg4 18. f3 Bd7 19. Nc2 Bc6 20. Rxd5 Bxd5 21. Rd1 Bb3 22. Rd2 Bxc2 23. Rxc2 Rd8 24. Rd2 Rxd2 25. Bxd2 b5 26. Kf1 f5 27. Ke2 Kf7 28. Kd3 Ke6 29. c4 Bxb2 30. Bb4 bxc4+ 31. Kxc4 Be5 32. h3 Bd6 33. Kb5 Bxb4 34. Kxb4 Kd5 35. Kxa4 Kc4 36. f4 g5 37. g3 gxf4 38. gxf4 e5 39. fxe5 Kd5 40. Kb4 f4 41. Kc3 Kxe5 42. Kd2 Ke4 43. Ke2 Kd4 44. Kf3 Kc4 45. Kxf4 Kb3 46. Kg5 Kxa3 47. Kh6 Kb4 48. Kxh7 Kc5 49. Kg7 Kd5 50. h4 Ke5 51. h5 Kf5 52. h6 1-0


[Site "https://www.chess.com"]

[Event "Titled Tuesday Blitz April 11 Late 2023"]
[White "Mikhalsky, Vladimir"]
[Black "Poliakova, Varvara"]
[WhiteFideId "14144352"]
[BlackFideId "13518313"]
[WhiteElo "2236"]
[BlackElo "2075"]
[Result "0-1"]
[Round "10"]
[TimeControl "180+2"]
[Date "2023.04.11"]
[WhiteClock "0:00:04"]
[BlackClock "0:02:00"]

1. d4 f5 2. Nc3 d5 3. Bg5 g6 4. h4 h6 5. Bf4 Bg7 6. Nf3 c6 7. Ne5 Bxe5 8. Bxe5 Nf6 9. Bxf6 exf6 10. h5 g5 11. e3 Be6 12. Bd3 Qd7 13. Qf3 O-O 14. Ne2 Na6 15. c3 Nc7 16. Ng3 f4 17. exf4 Bg4 18. Qe3 Rae8 19. Ne4 dxe4 20. Bc4+ Nd5 21. Qg3 Qf5 22. Kf1 Qxf4 23. Kg1 Qxg3 24. fxg3 e3 25. Kh2 b5 26. Bb3 Kg7 27. a4 b4 28. c4 Nc7 29. d5 cxd5 30. cxd5 Rd8 31. Rhe1 e2 32. Bc4 Rfe8 33. Rac1 Nxd5 34. Bb5 Re7 35. Rc2 b3 36. Rd2 Re5 37. Bxe2 Rde8 38. Bxg4 Rxe1 39. Rxd5 R8e7 40. Rb5 R1e3 41. Bf5 R3e5 42. Rxe5 Rxe5 43. g4 Re2 44. Kh3 Rxb2 45. g3 Ra2 46. Be6 Ra3 47. a5 b2 48. Bf5 Ra1 49. a6 b1=Q 50. Bxb1 Rxb1 51. Kg2 Rb6 52. Kh3 Rxa6 0-1


[Site "https://www.chess.com"]

[Event "Titled Tuesday Blitz April 11 Late 2023"]
[White "Thorfinnsson, Bjorn"]
[Black "Mazurkiewicz, Michal"]
[WhiteFideId "2300982"]
[BlackFideId "1124943"]
[WhiteElo "2395"]
[BlackElo "2054"]
[Result "1-0"]
[Round "10"]
[TimeControl "180+2"]
[Date "2023.04.11"]
[WhiteClock "0:00:09"]
[BlackClock "0:00:11"]

1. d4 Nf6 2. Nf3 g6 3. Bg5 Bg7 4. e3 Ne4 5. Bh4 d5 6. Bd3 O-O 7. c3 b6 8. Nbd2 Nxd2 9. Qxd2 c5 10. O-O Nc6 11. Bb5 Bb7 12. Rad1 c4 13. Ba4 a6 14. Bc2 Bc8 15. e4 Bg4 16. Qe3 Qd7 17. exd5 Qxd5 18. Be4 Qd7 19. h3 Bxf3 20. Qxf3 Rac8 21. Bxc6 Rxc6 22. Bxe7 Re8 23. Bg5 Rce6 24. Be3 b5 25. a3 f5 26. g3 Re4 27. Rde1 Bf8 28. Bd2 Qd5 29. Rxe4 Rxe4 30. Qd1 Bd6 31. Re1 Qe6 32. Rxe4 Qxe4 33. Qe1 Qxe1+ 34. Bxe1 f4 35. Kg2 fxg3 36. fxg3 Kf7 37. Bd2 Ke6 38. Kf3 Kd5 39. h4 a5 40. g4 b4 41. axb4 axb4 42. cxb4 Kxd4 43. h5 gxh5 44. gxh5 Kd5 45. Bc3 Kc6 46. Ke4 Kb5 47. Kf5 Bxb4 48. Be5 Bf8 49. Kf6 Kb4 50. Kf7 Bc5 51. Kg7 Kb3 52. Kxh7 Be3 53. Kg6 Bc1 54. h6 Bxb2 55. Bxb2 Kxb2 56. h7 c3 57. h8=Q Kb3 58. Qb8+ Kc2 59. Qh2+ Kb1 60. Qg1+ Kb2 61. Qd4 Kb3 62. Qb6+ Ka2 63. Qa5+ Kb2 64. Qb4+ Kc2 65. Kf5 Kd3 66. Qe4+ Kd2 67. Qd4+ Kc2 68. Ke4 Kb3 69. Qb6+ Ka2 70. Qa5+ Kb3 71. Kd3 c2 72. Qc3+ 1-0


[Site "https://www.chess.com"]

[Event "Titled Tuesday Blitz April 11 Late 2023"]
[White "Przybylski, Wojciech"]
[Black "Alimpic, Aleksa"]
[WhiteFideId "1117599"]
[BlackFideId "974323"]
[WhiteElo "2222"]
[BlackElo "2273"]
[Result "1-0"]
[Round "10"]
[TimeControl "180+2"]
[Date "2023.04.11"]
[WhiteClock "0:00:11"]
[BlackClock "0:00:24"]

1. e4 g6 2. d4 Bg7 3. Nf3 a6 4. c4 c5 5. d5 d6 6. Nc3 e5 7. Be2 h6 8. O-O f5 9. Ne1 Nf6 10. f3 O-O 11. a3 Nh5 12. Nd3 Nd7 13. b4 b6 14. bxc5 bxc5 15. Rb1 fxe4 16. Nxe4 Ndf6 17. Qb3 Nxe4 18. fxe4 Rxf1+ 19. Bxf1 Ra7 20. Qb8 Rf7 21. g3 Nf6 22. Bh3 Rf8 23. Bxc8 Qxc8 24. Qxc8 Rxc8 25. Nf2 Nd7 26. Rb7 Rb8 27. Rxd7 Rb1 28. Nd3 Rb3 29. Ne1 h5 30. Kf1 Rb1 31. Bd2 Rb6 32. Ke2 Bf6 33. a4 h4 34. a5 Rb2 35. Rxd6 Kf7 36. Nf3 hxg3 37. hxg3 Ra2 38. Rxa6 g5 39. g4 Ke7 40. Re6+ Kf7 41. Nxe5+ Bxe5 42. Rxe5 Kf6 43. Rf5+ Kg6 44. e5 Ra3 45. e6 Rb3 46. e7 Rb8 47. a6 Re8 48. d6 1-0


[Site "https://www.chess.com"]

[Event "Titled Tuesday Blitz April 11 Late 2023"]
[White "Sai Han Thiha"]
[Black "Gallegos Diaz, Carlos Alberto"]
[WhiteFideId "13012290"]
[BlackFideId "3900886"]
[WhiteElo "1954"]
[BlackElo "2362"]
[Result "0-1"]
[Round "10"]
[TimeControl "180+2"]
[Date "2023.04.11"]
[WhiteClock "0:00:01"]
[BlackClock "0:00:04"]

1. d4 d6 2. e4 Nf6 3. Nc3 c6 4. f4 Qa5 5. e5 Ne4 6. Qf3 Nxc3 7. Bd2 Qd5 8. Bxc3 Bf5 9. O-O-O Nd7 10. Qf2 Qxa2 11. Nf3 d5 12. Nh4 Be4 13. e6 fxe6 14. Bd3 Bxd3 15. cxd3 a5 16. Rhe1 a4 17. Qc2 a3 18. bxa3 Qxc2+ 19. Kxc2 Rxa3 20. Ra1 Rxa1 21. Rxa1 Kf7 22. Ra8 g6 23. Nf3 h6 24. Rd8 Nf6 25. Ne5+ Kg7 26. Rb8 g5 27. g3 gxf4 28. gxf4 h5 29. Rxb7 h4 30. h3 Rh5 31. Rc7 Rf5 32. Bd2 Nh5 33. Nxc6 Kf7 34. Ne5+ Kg7 35. Nc6 Kf7 36. Nd8+ Kf6 37. Rc6 Ng7 38. Nb7 Kf7 39. Nc5 Rf6 40. Nd7 Rg6 41. Rc8 Rg2 42. Rxf8+ Kg6 43. Ne5+ Kh7 44. Rf7 Kg8 45. Rxe7 Nf5 46. Re8+ Kg7 47. Nc6 Ne3+ 48. Kc1 Nf1 49. Bc3 Ne3 0-1


[Site "https://www.chess.com"]

[Event "Titled Tuesday Blitz April 11 Late 2023"]
[White "Sreyas Payyappat"]
[Black "Garcia Cuenca, Victor"]
[WhiteFideId "46674969"]
[BlackFideId "2250829"]
[WhiteElo "2083"]
[BlackElo "2329"]
[Result "1-0"]
[Round "10"]
[TimeControl "180+2"]
[Date "2023.04.11"]
[WhiteClock "0:01:01"]
[BlackClock "0:00:18"]

1. e4 c5 2. Nf3 e6 3. d4 cxd4 4. Nxd4 Nf6 5. Nc3 d6 6. f4 a6 7. Be3 Nbd7 8. Be2 Qc7 9. Bf3 Nb6 10. O-O Be7 11. Qe2 e5 12. Nf5 Bxf5 13. exf5 Nc4 14. fxe5 dxe5 15. Bg5 Nxb2 16. Bxf6 Bxf6 17. Nd5 Qc5+ 18. Kh1 Nc4 19. Rab1 O-O 20. Nxf6+ gxf6 21. Bxb7 Ra7 22. Rb3 Nd6 23. Qg4+ Kh8 24. Rg3 Ne8 25. Qh5 Rxb7 26. Rh3 1-0


[Site "https://www.chess.com"]

[Event "Titled Tuesday Blitz April 11 Late 2023"]
[White "Kula, Robert"]
[Black "Reprintsev, Alexander"]
[WhiteFideId "1101218"]
[BlackFideId "14100541"]
[WhiteElo "2180"]
[BlackElo "2211"]
[Result "1-0"]
[Round "10"]
[TimeControl "180+2"]
[Date "2023.04.11"]
[WhiteClock "0:01:45"]
[BlackClock "0:01:20"]

1. d4 d5 2. c4 e5 3. dxe5 d4 4. Nf3 Nc6 5. g3 Nge7 6. Bg2 Ng6 7. O-O Ngxe5 8. b3 Nxf3+ 9. Bxf3 Be7 10. Bb2 Bf6 11. Nd2 Bf5 12. Ne4 Be7 13. a3 O-O 14. b4 Ne5 15. Qxd4 Qxd4 16. Bxd4 Nxc4 17. Rfc1 b5 18. Nc3 Rad8 19. Bxa7 Bf6 20. Bc5 Rfe8 21. Bc6 Bxc3 22. Rxc3 Rxe2 23. Bxb5 Red2 24. Bxc4 Bh3 25. Rcc1 h5 26. Bf1 1-0


[Site "https://www.chess.com"]

[Event "Titled Tuesday Blitz April 11 Late 2023"]
[White "Alahakoon, Isuru"]
[Black "Santos Flores, Alberto"]
[WhiteFideId "9900993"]
[BlackFideId "3601234"]
[WhiteElo "1995"]
[BlackElo "2235"]
[Result "0-1"]
[Round "10"]
[TimeControl "180+2"]
[Date "2023.04.11"]
[WhiteClock "0:00:16"]
[BlackClock "0:01:10"]

1. Nf3 d5 2. e3 Nf6 3. c4 c6 4. d4 Bf5 5. cxd5 cxd5 6. Nc3 e6 7. Ne5 Nfd7 8. g4 Bg6 9. Nxg6 hxg6 10. h3 Nc6 11. Bg2 Bd6 12. O-O f5 13. e4 fxe4 14. f3 exf3 15. Qxf3 Qe7 16. Be3 O-O-O 17. Nb5 Bb8 18. Rac1 a6 19. Nc3 Rdf8 20. Qe2 Rxf1+ 21. Qxf1 Qd6 22. Qd3 Rf8 23. Bf2 Qh2+ 24. Kf1 Bg3 25. Nd1 Bxf2 26. Nxf2 Rxf2+ 27. Kxf2 Qf4+ 28. Bf3 Qxc1 29. Qxg6 Qd2+ 30. Kg3 Nxd4 31. Qxg7 Qe3 32. Qg8+ Kc7 33. Qf7 Qxf3+ 34. Qxf3 Nxf3 35. Kxf3 Kd6 36. h4 Ke5 37. h5 Kf6 38. Kf4 e5+ 39. Kf3 Kg5 40. Ke3 Nf6 0-1


[Site "https://www.chess.com"]

[Event "Titled Tuesday Blitz April 11 Late 2023"]
[White "Rosen, Eric"]
[Black "Torrente, Alejandro Josue"]
[WhiteFideId "2032562"]
[BlackFideId "4437969"]
[WhiteElo "2331"]
[BlackElo "2025"]
[Result "1-0"]
[Round "10"]
[TimeControl "180+2"]
[Date "2023.04.11"]
[WhiteClock "0:00:04"]
[BlackClock "0:01:05"]

1. d4 d5 2. Bf4 Nf6 3. e3 c5 4. Nf3 Nc6 5. Nbd2 Qb6 6. dxc5 Qxc5 7. a3 a5 8. c4 Bg4 9. Rc1 Qb6 10. cxd5 Nxd5 11. Nc4 Qd8 12. Nd6+ exd6 13. Qxd5 Be7 14. Bb5 O-O 15. Bxc6 bxc6 16. Rxc6 Rb8 17. Rc2 Be6 18. Qd3 Qb6 19. O-O h6 20. Nd4 Bd7 21. Rd2 Bf6 22. Nf5 Bb5 23. Qxd6 Bxf1 24. Kxf1 Qb5+ 25. Qd3 Qxd3+ 26. Rxd3 Rxb2 27. g4 Rc8 28. Rd5 Rcc2 29. Bg3 Bc3 30. Rd8+ Kh7 31. Rd7 Kg6 32. h4 h5 33. Ne7+ Kf6 34. Nd5+ Ke6 35. Rd6# 1-0


[Site "https://www.chess.com"]

[Event "Titled Tuesday Blitz April 11 Late 2023"]
[White "Figorito, Nick"]
[Black "Hajiyev, Kanan"]
[WhiteFideId "30923689"]
[BlackFideId "13404148"]
[WhiteElo "2036"]
[BlackElo "2103"]
[Result "0-1"]
[Round "10"]
[TimeControl "180+2"]
[Date "2023.04.11"]
[WhiteClock "0:01:35"]
[BlackClock "0:01:35"]

1. Nf3 d5 2. g3 Nf6 3. Bg2 g6 4. O-O Bg7 5. c4 c6 6. cxd5 cxd5 7. d4 O-O 8. Ne5 Nbd7 9. Nxd7 Bxd7 10. Nc3 Bc6 11. Bf4 Ne4 12. Rc1 e6 13. Nxe4 dxe4 14. Be3 Qd5 15. a3 Rfd8 16. Rc5 Qxc5 17. dxc5 Rxd1 18. Rxd1 Bxb2 19. Bc1 Bxc1 20. Rxc1 Rd8 21. e3 Rd3 22. a4 Ra3 23. Rc4 Ra1+ 24. Bf1 Bxa4 0-1


[Site "https://www.chess.com"]

[Event "Titled Tuesday Blitz April 11 Late 2023"]
[White "Seletsky, Grigory"]
[Black "Prydun, Andriy"]
[WhiteFideId "14112191"]
[BlackFideId "14145898"]
[WhiteElo "2490"]
[BlackElo "2164"]
[Result "1-0"]
[Round "10"]
[TimeControl "180+2"]
[Date "2023.04.11"]
[WhiteClock "0:00:35"]
[BlackClock "0:00:02"]

1. e4 d5 2. d3 Nf6 3. Nc3 Bg4 4. Be2 Bxe2 5. Qxe2 e6 6. Bd2 Be7 7. Nf3 O-O 8. O-O c5 9. Rad1 Nc6 10. Bc1 Nd4 11. Nxd4 cxd4 12. Nb1 Re8 13. e5 Nd7 14. c3 Qa5 15. cxd4 Qxa2 16. Nc3 Qb3 17. f4 f5 18. g4 Nf8 19. Kh1 Bb4 20. Bd2 a5 21. Rb1 Re7 22. Rg1 Rc8 23. h4 a4 24. h5 Ba5 25. g5 Bb6 26. Qe3 Rec7 27. g6 h6 28. Rgc1 Nd7 29. Be1 Nb8 30. Bf2 Nc6 31. Ra1 Nxd4 32. Nxa4 Rxc1+ 33. Rxc1 Rxc1+ 34. Qxc1 1-0


[Site "https://www.chess.com"]

[Event "Titled Tuesday Blitz April 11 Late 2023"]
[White "Ladan, Nicholas"]
[Black "Buchenau, Frank"]
[WhiteFideId "30918855"]
[BlackFideId "4604350"]
[WhiteElo "2167"]
[BlackElo "2157"]
[Result "1-0"]
[Round "10"]
[TimeControl "180+2"]
[Date "2023.04.11"]
[WhiteClock "0:02:05"]
[BlackClock "0:01:30"]

1. b4 d5 2. Bb2 Bg4 3. h3 Bh5 4. g4 Bg6 5. Bg2 h5 6. Nf3 hxg4 7. hxg4 Rxh1+ 8. Bxh1 Nd7 9. d3 f6 10. Nc3 c6 11. b5 e5 12. Nh4 Bf7 13. Nf5 g6 14. Ng3 d4 15. bxc6 bxc6 16. Nce4 Rb8 17. Bc1 Ne7 18. Nd6# 1-0


[Site "https://www.chess.com"]

[Event "Titled Tuesday Blitz April 11 Late 2023"]
[White "Gurevich, Dmitry"]
[Black "Gonzalez Zamora, Juan Carlos"]
[WhiteFideId "2000407"]
[BlackFideId "3507548"]
[WhiteElo "2506"]
[BlackElo "2535"]
[Result "1-0"]
[Round "10"]
[TimeControl "180+2"]
[Date "2023.04.11"]
[WhiteClock "0:00:27"]
[BlackClock "0:00:01"]

1. d4 Nf6 2. c4 d6 3. Nc3 e5 4. Nf3 Nbd7 5. e4 Be7 6. Be2 O-O 7. O-O c6 8. Qc2 Qc7 9. Rd1 Rd8 10. Be3 Ng4 11. Bd2 Bf6 12. d5 Qb6 13. Be1 Be7 14. h3 Ngf6 15. Bd2 Nf8 16. Be3 Qc7 17. Rac1 Ng6 18. b4 Bd7 19. c5 Rac8 20. dxc6 bxc6 21. cxd6 Bxd6 22. a3 Bf8 23. Nb5 Qb7 24. Nd6 Bxd6 25. Rxd6 c5 26. Ba6 Qb8 27. Bxc8 Qxd6 28. Bxc5 Qc6 29. Bxd7 Qxd7 30. Be3 h6 31. Qc7 Nxe4 32. Qxd7 Rxd7 33. Rc8+ Kh7 34. Ra8 Rd1+ 35. Kh2 Nf4 36. Rxa7 f6 37. b5 Nd3 38. b6 Ndxf2 39. Bxf2 Nxf2 40. b7 Rh1+ 41. Kg3 Ne4+ 42. Kg4 Nf2+ 43. Kf5 Rb1 44. a4 Rb6 45. Nxe5 1-0


[Site "https://www.chess.com"]

[Event "Titled Tuesday Blitz April 11 Late 2023"]
[White "Kovalevsky, Stanislav"]
[Black "Skaric, Djuro"]
[WhiteFideId "13508598"]
[BlackFideId "934569"]
[WhiteElo "2174"]
[BlackElo "2282"]
[Result "1-0"]
[Round "10"]
[TimeControl "180+2"]
[Date "2023.04.11"]
[WhiteClock "0:00:19"]
[BlackClock "0:00:11"]

1. c4 d6 2. Nc3 g6 3. g3 Bg7 4. Bg2 Nc6 5. a3 e5 6. b4 f5 7. b5 Nd4 8. e3 Ne6 9. Nge2 Nf6 10. d4 e4 11. Bb2 O-O 12. Nf4 Nxf4 13. exf4 e3 14. fxe3 Re8 15. Qd3 Ng4 16. Nd1 c5 17. bxc6 Qb6 18. O-O bxc6 19. Rb1 Rb8 20. h3 Nf6 21. Nf2 Ba6 22. Bc3 Qc7 23. Rxb8 Rxb8 24. d5 cxd5 25. Bxf6 Bxf6 26. Bxd5+ Kg7 27. g4 h6 28. gxf5 gxf5 29. Qxf5 Bc8 30. Qh5 Rb3 31. Kh1 Rxe3 32. Rg1+ Kf8 33. Rg8+ Ke7 34. Qf7# 1-0


[Site "https://www.chess.com"]

[Event "Titled Tuesday Blitz April 11 Late 2023"]
[White "Albuquerque Junior,Wellington S."]
[Black "Davidson, Kevin"]
[WhiteFideId "2151480"]
[BlackFideId "2056810"]
[WhiteElo "2109"]
[BlackElo "2151"]
[Result "0-1"]
[Round "10"]
[TimeControl "180+2"]
[Date "2023.04.11"]
[WhiteClock "0:00:03"]
[BlackClock "0:00:53"]

1. c4 Nf6 2. g3 g6 3. Bg2 Bg7 4. Nc3 d6 5. e4 O-O 6. d3 c5 7. Nge2 Nc6 8. O-O a6 9. h3 Rb8 10. a4 Ne8 11. Be3 Nc7 12. d4 cxd4 13. Nxd4 Ne6 14. Nde2 Na5 15. b3 Bd7 16. f4 b5 17. axb5 axb5 18. f5 Nc5 19. cxb5 Bxb5 20. Bxc5 Bxe2 21. Nxe2 Bxa1 22. Qxa1 dxc5 23. Kh2 Nxb3 24. Qc3 Qd2 0-1


[Site "https://www.chess.com"]

[Event "Titled Tuesday Blitz April 11 Late 2023"]
[White "Fernandez, Maria Florencia"]
[Black "Bueno, Alfeu Junior Varela"]
[WhiteFideId "116459"]
[BlackFideId "2108879"]
[WhiteElo "2120"]
[BlackElo "2175"]
[Result "0-1"]
[Round "10"]
[TimeControl "180+2"]
[Date "2023.04.11"]
[WhiteClock "0:00:08"]
[BlackClock "0:00:05"]

1. d4 e6 2. c4 f5 3. Nc3 b6 4. Nf3 Bb4 5. Bf4 Bxc3+ 6. bxc3 Bb7 7. e3 Nf6 8. Be2 O-O 9. h3 d6 10. Rg1 Nbd7 11. g4 Qe7 12. Bg5 Kh8 13. gxf5 exf5 14. d5 Nc5 15. Nd4 Qd7 16. Qc2 Nfe4 17. Bf4 Qe7 18. Rg2 g5 19. Bh2 h6 20. O-O-O Bc8 21. Bh5 Bd7 22. h4 Ba4 23. Qe2 Bxd1 24. Qxd1 Nxc3 25. Qc2 N3e4 26. hxg5 hxg5 27. Bg6 f4 28. exf4 gxf4 29. Bg1 Rf6 30. f3 Ng3 31. Bf2 Qg7 32. Rh2+ Kg8 33. Bh7+ Kf8 34. Ne6+ Nxe6 35. dxe6 Rh6 36. Rxh6 Qxh6 37. Be4 Qh1+ 38. Kb2 Qh8+ 39. Kb3 Re8 40. Qd3 Qe5 41. Bd4 Qh5 42. Bd5 Ke7 43. Bc3 Qf5 44. Qd4 Rg8 45. c5 bxc5 46. Qc4 Rb8+ 47. Ka3 a5 48. Qa4 Qxd5 49. Qxa5 Qxe6 50. Qxc7+ Qd7 51. Qxb8 d5 52. Qb6 Qd6 53. Qb7+ Ke6 54. Qc8+ Qd7 55. Qg8+ Kd6 56. Qg6+ Qe6 57. Qg7 d4 58. Ba5 Kd5 59. Qc7 Kc4 60. Qxf4 Ne2 61. Qd2 Nc3 62. Qc2 Qa6 63. Qb3+ Kd3 64. Kb2 Qxa5 65. f4 Qb5 66. Qxb5+ Nxb5 67. f5 Nd6 68. f6 Ke2 69. a4 d3 70. a5 d2 71. f7 Nxf7 72. a6 d1=Q 73. a7 Qa4 74. Kc3 Qxa7 75. Kc4 Qd7 76. Kc3 Qd4+ 77. Kc2 c4 78. Kb1 Qc3 79. Ka2 Qb3+ 80. Ka1 Qb4 81. Ka2 c3 82. Ka1 Qb2# 0-1


[Site "https://www.chess.com"]

[Event "Titled Tuesday Blitz April 11 Late 2023"]
[White "Mordechai, Hanan"]
[Black "Osmonbekov, Talaibek"]
[WhiteFideId "2804166"]
[BlackFideId "2017253"]
[WhiteElo "2324"]
[BlackElo "2135"]
[Result "1/2-1/2"]
[Round "10"]
[TimeControl "180+2"]
[Date "2023.04.11"]
[WhiteClock "0:00:10"]
[BlackClock "0:00:12"]

1. e4 c5 2. Nf3 d6 3. d4 cxd4 4. Nxd4 Nf6 5. Nc3 g6 6. Be3 Bg7 7. f3 O-O 8. Qd2 Nc6 9. O-O-O d5 10. Qe1 e5 11. Nxc6 bxc6 12. exd5 Nxd5 13. Bc4 Be6 14. Ne4 Qc7 15. Bc5 Rfd8 16. h4 h6 17. g4 Rab8 18. g5 Qb7 19. Bb3 h5 20. Bd6 Rbc8 21. Nc5 Qb6 22. Nxe6 fxe6 23. Ba3 a5 24. Qe4 Kh7 25. Rd3 Nf4 26. Rxd8 Rxd8 27. Re1 Rd4 28. Qe3 a4 29. Bxa4 Ng2 30. Qc3 Nxe1 31. Bc5 Qa6 32. Bxd4 exd4 33. Qxe1 Qxa4 34. Qxe6 Qb5 35. Qe4 d3 36. c3 c5 37. a4 Qa6 38. c4 Qxa4 39. Qxd3 Qa1+ 40. Kd2 Qxb2+ 41. Ke3 Qd4+ 42. Qxd4 Bxd4+ 43. Ke4 Kg7 44. f4 Kf7 45. f5 Bf2 46. fxg6+ Kxg6 47. Kd5 Bxh4 48. Kxc5 Bxg5 49. Kd4 h4 50. Ke4 h3 51. Kf3 Bf4 52. Kf2 Kg5 53. Kg1 Kg4 54. Kh1 Kg3 55. c5 Bc7 56. c6 Kh4 57. Kg1 Kg3 58. Kh1 h2 1/2-1/2


[Site "https://www.chess.com"]

[Event "Titled Tuesday Blitz April 11 Late 2023"]
[White "Spitzl, Vinzent"]
[Black "Steenbekkers, Franck"]
[WhiteFideId "12901253"]
[BlackFideId "1004220"]
[WhiteElo "2225"]
[BlackElo "2164"]
[Result "1-0"]
[Round "10"]
[TimeControl "180+2"]
[Date "2023.04.11"]
[WhiteClock "0:00:08"]
[BlackClock "0:00:02"]

1. e4 c5 2. Nf3 Nc6 3. d4 cxd4 4. Nxd4 Nf6 5. Nc3 e5 6. Ndb5 d6 7. Bg5 a6 8. Na3 b5 9. Nd5 Be7 10. Bxf6 Bxf6 11. c4 b4 12. Nc2 a5 13. g3 Bg5 14. h4 Bh6 15. Bh3 O-O 16. Kf1 Ne7 17. Kg2 Nxd5 18. Qxd5 Bxh3+ 19. Kxh3 Rc8 20. b3 Rc5 21. Qd3 Qd7+ 22. Kg2 f5 23. exf5 Rxf5 24. Rad1 Rf6 25. Rhe1 Qc6+ 26. Qe4 Qc7 27. a3 d5 28. Qxe5 Qb7 29. Qe8+ Rf8 30. Qe6+ Kh8 31. Rxd5 bxa3 32. Nxa3 Rxd5 33. Qxd5 Qxb3 34. Nb5 a4 35. Nd6 g6 36. Nf7+ Kg7 37. Nxh6 Kxh6 38. Qg5+ Kg7 39. Re7+ Rf7 40. Qe5+ Kg8 41. Re8+ Rf8 42. Qe6+ Kg7 43. Re7+ Kh6 44. Qg4 Rf5 45. Qe4 a3 46. Qd4 Qf3+ 47. Kg1 a2 48. Qd2+ Kh5 49. Qxa2 Kg4 50. Qe2 Qxe2 51. Rxe2 Rc5 52. Re4+ Kh3 53. Kf1 Ra5 54. Ke2 Kg2 55. Ke3 Ra3+ 56. Kf4 Kxf2 57. g4 Rf3+ 58. Kg5 1-0


[Site "https://www.chess.com"]

[Event "Titled Tuesday Blitz April 11 Late 2023"]
[White "Hoffmann, Asa"]
[Black "Karamsetty, Jeevan"]
[WhiteFideId "2001470"]
[BlackFideId "2025337"]
[WhiteElo "2117"]
[BlackElo "2111"]
[Result "1-0"]
[Round "10"]
[TimeControl "180+2"]
[Date "2023.04.11"]
[WhiteClock "0:00:43"]
[BlackClock "0:00:04"]

1. d4 g6 2. e4 d6 3. Be3 Bg7 4. Qd2 a6 5. Nc3 b5 6. a3 Nd7 7. f3 Bb7 8. Nge2 c5 9. g3 cxd4 10. Nxd4 Ngf6 11. Be2 Rc8 12. O-O O-O 13. Bh6 Qb6 14. Bxg7 Kxg7 15. Kh1 Rc5 16. Rad1 Rh5 17. g4 Rh3 18. Kg2 Rh4 19. Kg3 Rh6 20. g5 Rh5 21. gxf6+ Nxf6 22. h4 Qc5 23. f4 Rh6 24. Bf3 e5 25. Nb3 Qc8 26. Qxd6 Re8 27. fxe5 Nh5+ 28. Bxh5 gxh5 29. Rxf7+ Kxf7 30. Qxh6 Qg4+ 31. Kf2 Bxe4 32. Qf6+ Kg8 33. Rg1 Bg6 34. Rxg4 hxg4 35. Kg3 Rf8 36. Nd5 Rxf6 37. Nxf6+ Kf8 38. c3 Ke7 39. Nd4 a5 40. Kxg4 b4 41. axb4 axb4 42. cxb4 Bd3 43. h5 Kf7 44. Kf4 Kg7 45. Nf5+ Kh8 46. e6 h6 47. e7 Bb5 48. Nxh6 Kg7 49. Nhg4 Kf7 50. h6 Kg6 51. Ke5 Be8 52. Nxe8 Kh7 53. Nef6+ Kh8 54. e8=Q# 1-0


[Site "https://www.chess.com"]

[Event "Titled Tuesday Blitz April 11 Late 2023"]
[White "Papayan, Oleg"]
[Black "Zampronha, Wladimir Camilo"]
[WhiteFideId "4193911"]
[BlackFideId "2103087"]
[WhiteElo "2153"]
[BlackElo "2176"]
[Result "0-1"]
[Round "10"]
[TimeControl "180+2"]
[Date "2023.04.11"]
[WhiteClock "0:00:13"]
[BlackClock "0:00:30"]

1. e4 c5 2. d4 cxd4 3. Qxd4 Nc6 4. Qd3 Nf6 5. Nc3 d6 6. Nf3 e6 7. Be2 Be7 8. Bf4 O-O 9. O-O-O e5 10. Bg5 Be6 11. Bxf6 Bxf6 12. Qxd6 Qa5 13. Qa3 Qxa3 14. bxa3 Rac8 15. Nd5 Na5 16. Kb2 Nc4+ 17. Bxc4 Rxc4 18. Nxf6+ gxf6 19. Nd2 Rc6 20. f3 Rfc8 21. Rc1 Rb6+ 22. Nb3 a5 23. a4 Rb4 24. Rhd1 Rxa4 25. Rd6 Rb4 26. c3 Rb5 27. Kc2 a4 28. Nd2 Bxa2 29. Rxf6 a3 30. Rd6 Rb2+ 31. Kd3 Be6 32. Ra1 a2 33. g4 Ra8 34. h4 Kf8 35. Nc4 Bxc4+ 36. Kxc4 Rb1 37. Rd1 Rxd1 38. Rxd1 a1=Q 0-1


[Site "https://www.chess.com"]